 Seeded DCSS version 0.30.1 (webtiles) character file.

Game seed: 784279740803775113 (custom seed)

294 McKennaii the Conjurer (level 5, 0/38 HPs)
             Began as a Demigod Conjurer on July 11, 2023.
             Slain by an ogre
             ... wielding a +0 giant spiked club
              (28 damage)
             ... on level 4 of the Dungeon.
             The game lasted 00:02:35 (3857 turns).

McKennaii the Conjurer (Demigod Conjurer)           Turns: 3857, Time: 00:02:36

Health: 0/38       AC:  6    Str:  8    XL:     5   Next: 85%
Magic:  8/14       EV: 12    Int: 24    God:
Gold:   46         SH:  0    Dex: 12    Spells: 5/12 levels left

rFire   . . .        o - +3 dagger
rCold   . . .        (no shield)
rNeg    . . .        a - +0 robe
rPois   .            B - +1 helmet {SInv}
rElec   .            g - +0 cloak
rCorr   .            (no gloves)
SInv    +            d - +0 pair of boots
Will    .....        (no amulet)
Stlth   ++           (no ring)
HPRegen 0.26/turn    (no ring)
MPRegen 0.14/turn

%: no passive effects
@: lethally poisoned (0 -> -11)
A: high MP 1, forlorn, divine attributes
a: no special abilities


You were on level 4 of the Dungeon.
You visited 1 branch of the dungeon, and saw 4 of its levels.
You also visited: Sewer.

You collected 211 gold pieces.
You spent 165 gold pieces at shops.

Inventory:

Hand Weapons
 o - a +3 dagger (weapon)
Armour
 a - a +0 robe (worn)
 d - a +0 pair of boots (worn)
 g - a +0 cloak (worn)
 B - a +1 helmet of see invisible (worn)
Wands
 A - a wand of roots (9)
Scrolls
 c - 2 scrolls of poison {unknown}
 e - a scroll of immolation {unknown}
 f - 2 scrolls of enchant armour {unknown}
 j - a scroll of silence {unknown}
 k - a scroll of noise {unknown}
 l - a scroll of torment {unknown}
 m - 6 scrolls of identify {unknown}
 n - 3 scrolls of blinking {unknown}
 v - 2 scrolls of acquirement {unknown}
 w - 6 scrolls of teleportation {unknown}
 y - 3 scrolls of amnesia {unknown}
 z - a scroll of magic mapping {unknown}
Potions
 b - a potion of magic
 h - a potion of haste {unknown}
 i - a potion of resistance {unknown}
 p - a potion of brilliance {unknown}
 q - 2 potions of ambrosia {unknown}
 r - a potion of degeneration {unknown}
 s - a potion of flight {unknown}
 t - a potion of heal wounds
 u - a potion of lignification {unknown}
 x - 2 potions of attraction {unknown}
 C - a potion of mutation {unknown}


   Skills:
 - Level 1.7 Dodging
 - Level 1.7 Stealth
 + Level 4.0 Spellcasting
 + Level 5.4 Conjurations


You had 5 spell levels left.
You knew the following spells:

 Your Spells              Type           Power      Damage    Failure   Level
a - Magic Dart            Conj           100%       1d8       1%          1
b - Searing Ray           Conj           60%        2d6       1%          2
c - Iskenderun's Mystic   Conj/Tloc      17%        2d5       32%         4

Your spell library contained the following spells:

 Spells                   Type           Power      Damage    Failure   Level
 Sandblast                Erth           8%         2d5       10%         1
 Dazzling Flash           Conj/Hex       34%        N/A       10%         3
 Stone Arrow              Conj/Erth      34%        3d9       10%         3
 Passwall                 Tmut/Erth      3%         N/A       14%         2
 Fulminant Prism          Conj/Hex       8%         3d6       32%         4


Dungeon Overview and Level Annotations

Branches:
Dungeon (4/15)              Sewer (visited)
 Temple: D:4-7

Shops:
D:2 [


Innate Abilities, Weirdness & Mutations

You have an increased reservoir of magic. (+10% MP)
You shall have no god before yourself.
Your divine heritage dramatically boosts your attributes as you level up.


Message History

A goblin comes into view. It is wielding a +0 dagger.
Found a stone staircase leading up.
The magic dart hits the goblin.
You kill the goblin!
Key pressed, stopping explore.
You can't see any susceptible monsters within range! (Use Z to cast anyway.)
A scorpion comes into view.
The magic dart hits the scorpion.
The scorpion is lightly wounded.
A scorpion is nearby!
The magic dart hits the scorpion but does no damage.
The scorpion is lightly wounded.
A scorpion is nearby!
The magic dart hits the scorpion.
The scorpion is moderately wounded.
Okay, then.
The magic dart hits the scorpion but does no damage.
The scorpion is moderately wounded.
The scorpion stings you.
The magic dart hits the scorpion.
The scorpion is heavily wounded.
The scorpion stings you but does no damage.
An ogre comes into view. It is wielding a +0 giant spiked club.
The magic dart hits the scorpion.
The scorpion is heavily wounded.
The scorpion stings you but does no damage.
The scorpion barely misses you.
The magic dart hits the scorpion.
The scorpion is severely wounded.
The scorpion stings you. The scorpion attacks as you move away!
The scorpion barely misses you.
A giant cockroach comes into view.
The scorpion closely misses you.
There is a stone staircase leading up here.
The scorpion stings you.
You are poisoned.
The scorpion poisons you!
The ogre hits you with a +0 giant spiked club!!
Ouch! That really hurt!
You die...

# #.#.....#.....#
.#......#......
.##.....#.....#
...#.###.#......#
.#..)..###.....#
#......#.###.#
#.....#.....##
#......#.O....#
##.....#.s@..#..B
#.###.#......#
#.. .###"....# #.
.. #.###.#...
..#.. ###.. #..
### #.. ...


You could see an ogre and a scorpion.

Vanquished Creatures
  A kobold brigand (Sewer)
  Ijyb (D:3)
  Robin (D:3)
  8 adders
  A river rat (Sewer)
  2 worms
  A dart slug (D:1)
  12 endoplasms
  4 giant cockroaches
  17 goblins
  8 hobgoblins
  A jackal (D:1)
  5 quokkas
  10 ball pythons
  3 bats
  3 frilled lizards
  12 kobolds
  6 rats
96 creatures vanquished.

Notes
Turn   | Place    | Note
-------+----------+-------------------------------------------
     0 | D:1      | McKennaii the Demigod Conjurer began the quest for the Orb.
     0 | D:1      | Reached XP level 1. HP: 14/14 MP: 5/5
   282 | D:1      | Reached XP level 2. HP: 20/20 MP: 3/7
   285 | D:1      | Learned a level 2 spell: Searing Ray
   598 | D:1      | Reached skill level 4 in Conjurations
  1071 | D:2      | Reached XP level 3. HP: 26/26 MP: 5/9
  1431 | D:2      | Found Pokeelur's Armour Boutique.
  1631 | D:2      | Reached XP level 4. HP: 31/33 MP: 7/11
  2288 | D:3      | Found a glowing drain.
  2321 | Sewer    | Entered a sewer
  2493 | Sewer    | Noticed a kobold brigand
  2498 | Sewer    | Killed a kobold brigand
  2499 | Sewer    | Reached skill level 5 in Conjurations
  2499 | Sewer    | Reached XP level 5. HP: 38/38 MP: 3/13
  2941 | D:3      | Learned a level 4 spell: Iskenderun's Mystic Blast
  3008 | D:3      | Noticed Ijyb
  3026 | D:3      | Killed Ijyb
  3127 | D:3      | Noticed Robin
  3133 | D:3      | Killed Robin
  3713 | D:2      | Bought a +1 helmet of see invisible for 165 gold pieces
  3852 | D:4      | Noticed an ogre
  3857 | D:4      | Slain by an ogre

Illustrated notes

Levels and vault maps discovered:
D:1:      psy_arrival_conway, layout_basic, hangedman_decor_points, st_stairs_6
D:2:      layout_basic, basic_altar, serial_shops, shop
D:3:      layout_basic, nicolae_vehumet_radiance, cheibrodos_sewer_entry_drain,
          uniq_robin, uniq_ijyb
D:4:      nicolae_BIG_FREAKIN_CUBE, layout_basic, trog_antimagical,
          serial_aquarium, aquarium_bridge_long_joined
          [aquarium_subvault_bridge, aquarium_subvault_window,
          aquarium_subvault_window, aquarium_subvault_bridge,
          aquarium_subvault_bridge, aquarium_subvault_wall], aquarium_window_1,
          aquarium_window_1, aquarium_view_2b, aquarium_pool_1

Skill      XL: |  1  2  3  4  5 |
---------------+----------------+-----
Spellcasting   | 2 3 4 |  4.0
Conjurations   | 4 5 |  5.4
Dodging        | |  1.7
Stealth        | |  1.7

Action                     |  1- 3 |  4- 6 || total
---------------------------+-------+-------++-------
  Melee: Unarmed           |    30 |       ||    30
         Dagger            |     1 |    12 ||    13
         Punch             |       |     1 ||     1
   Cast: Magic Dart        |    79 |    81 ||   160
         Searing Ray       |     3 |     8 ||    11
    Use: Potion            |       |     1 ||     1
 Armour: Robe              |    18 |    10 ||    28
  Dodge: Dodged            |    31 |    20 ||    51
